 Dungeon Crawl Stone Soup version 0.29.1-2-gbd0b4ee654 (webtiles) character file.

Game seed: 5527624619182647073

15155 funnyparkerb the Fighter (level 11, 0/162 HPs)
             Began as a Minotaur Fighter on Nov 1, 2022.
             Was an Elder of Cheibriados.
             Slain by Rupert
             ... wielding a +5 great mace of protection
              (21 damage)
             ... on level 12 of the Dungeon.
             The game lasted 00:21:05 (12297 turns).

funnyparkerb the Fighter (Minotaur Fighter)        Turns: 12297, Time: 00:21:06

Health: 0/162      AC: 18    Str: 38    XL:     11   Next: 98%
Magic:  11/13      EV: 19    Int: 15    God:    Cheibriados [****..]
Gold:   553        SH:  6    Dex: 24    Spells: 10/10 levels left

rFire   . . .      SeeInvis .   H - +0 morningstar
rCold   . . .      Faith    .   c - +0 buckler
rNeg    . . .      Spirit   .   s - +0 plate armour
rPois   +          Reflect  .   (helmet restricted)
rElec   .          Harm     .   (no cloak)
rCorr   .          Rampage  .   u - +0 pair of gloves
Will    .....                   l - +1 pair of boots
Stlth   ..........              (no amulet)
HPRegen 0.37/turn               d - ring "Luuraw" {rPois Will- EV+4 Str+4 Dex+3}
MPRegen 0.13/turn               o - ring of flight

@: berserking, flying, very slow
A: horns 2, retaliatory headbutt
a: Renounce Religion, Bend Time, Temporal Distortion, Slouch


You were on level 12 of the Dungeon.
You worshipped Cheibriados.
Cheibriados was greatly pleased with you.
You visited 2 branches of the dungeon, and saw 14 of its levels.
You also visited: Ossuary.

You collected 553 gold pieces.

Inventory:

Hand Weapons
 H - a +0 morningstar (weapon)
Missiles
 a - a throwing net
 e - 9 boomerangs
 J - 4 curare-tipped darts (quivered)
Armour
 c - a +0 buckler (worn)
 l - a +1 pair of boots (worn)
 s - a +0 plate armour (worn)
 u - a +0 pair of gloves (worn)
Jewellery
 d - the ring "Luuraw" (left hand) {rPois Will- EV+4 Str+4 Dex+3}
   (You found it on level 2 of the Dungeon)

   [ring of evasion]

   EV:        It affects your evasion (+4).
   Str:       It affects your strength (+4).
   Dex:       It affects your dexterity (+3).
   rPois:     It protects you from poison.
   Will:      It decreases your willpower.
 o - a ring of flight (right hand)
Wands
 p - a wand of flame (16)
 r - a wand of digging (7)
 B - a wand of iceblast (1)
Scrolls
 f - a scroll of immolation
 g - 4 scrolls of teleportation
 h - 2 scrolls of amnesia {unknown}
 j - 3 scrolls of fog {unknown}
 k - 2 scrolls of acquirement {unknown}
 q - 3 scrolls of noise {unknown}
 t - 4 scrolls of blinking
 w - a scroll of torment
 y - a scroll of summoning
 D - 2 scrolls of identify
 E - 2 scrolls of silence {unknown}
 I - a scroll of enchant weapon {unknown}
Potions
 b - a potion of lignification {unknown}
 i - 3 potions of haste
 m - 7 potions of heal wounds
 n - a potion of cancellation
 v - 8 potions of curing {unknown}
 x - a potion of invisibility {unknown}
 z - 4 potions of degeneration {unknown}
 A - 4 potions of mutation {unknown}
 C - 2 potions of magic {unknown}
 F - 4 potions of flight {unknown}
 G - a potion of berserk rage


   Skills:
 + Level 13.8 Fighting
 * Level 12.6 Maces & Flails
 + Level 10.3 Armour
 + Level 9.1 Dodging
 - Level 3.6 Shields
 + Level 4.0 Invocations


You had 10 spell levels left.
You didn't know any spells.
Your spell library contained the following spells:

 Spells                   Type           Power      Damage    Failure   Level
 Sandblast                Erth           0%         2d4       86%         1
 Ensorcelled Hibernation  Hex/Ice        0%         N/A       95%         2
 Passwall                 Tmut/Erth      0%         N/A       95%         2
 Scorch                   Fire           0%         2d5       95%         2
 Sublimation of Blood     Necr           0%         N/A       95%         2
 Wereblood                Tmut           0%         N/A       95%         2
 Conjure Flame            Conj/Fire      0%         6-21      99%         3
 Ignite Poison            Fire/Tmut/Pois 0%         N/A       99%         3
 Spider Form              Tmut/Pois      0%         N/A       99%         3
 Stone Arrow              Conj/Erth      0%         3d7       99%         3
 Anguish                  Hex/Necr       0%         N/A       100%        4
 Flame Wave               Conj/Fire      0%         2d4       100%        4
 Sticky Flame             Conj/Fire      0%         2d3       100%        4
 Iskenderun's Battlesphe  Conj           0%         2d6       100%        5
 Iron Shot                Conj/Erth      0%         9d1       100%        6
 Summon Cactus Giant      Summ           0%         N/A       100%        6
 Spellforged Servitor     Conj/Summ      0%         N/A       100%        7
 Summon Hydra             Summ           0%         N/A       100%        7


Dungeon Overview and Level Annotations

Branches:
Dungeon (13/15)            Temple (1/1) D:7             Orc (0/2) D:12
Ossuary (visited)
   Lair: D:8-11      Vaults: D:13-14

Altars:
Ashenzari
Cheibriados
Dithmenos
Elyvilon
Fedhas
Gozag
Hepliaklqana
Kikubaaqudgha
Makhleb
Nemelex Xobeh
Okawaru
Qazlal
Ru
Sif Muna
Trog
Uskayaw
Vehumet
Wu Jian
Xom
Yredelemnul
Zin
The Shining One

Shops:
D:5 ?   D:12 =

Annotations:
D:4 2 transporters, Arctor's ghost, amateur MiFi
D:11 1 transporter, videwesjr's ghost, journeyman MiBe
D:12 Rupert


Innate Abilities, Weirdness & Mutations

You have a pair of horns on your head.
You reflexively headbutt those who attack you in melee.


Message History

The flow of time bends around you.
You impale Rupert!!
Rupert is lightly wounded.
Rupert roars madly and goes into a rage!
Rupert goes berserk!
You thump Rupert!
Rupert is moderately wounded.
Rupert hits you with a +5 great mace of protection!!
You completely miss Rupert.
Rupert is moderately wounded.
Rupert barely misses you.
Okay, then.
A red film seems to cover your vision as you go berserk!
Cheibriados forces you to slow down.
You feel mighty! Rupert misses you.
Rupert hits you with a +5 great mace of protection.
You impale Rupert!!
Rupert is moderately wounded.
Rupert hits you with a +5 great mace of protection!!
You barely miss Rupert. You headbutt Rupert!!
Rupert is heavily wounded.
Rupert hits you with a +5 great mace of protection!
Rupert hits you with a +5 great mace of protection!!
You hit Rupert but do no damage.
Rupert is heavily wounded.
Rupert barely misses you.
You thump Rupert!
Rupert is heavily wounded.
Rupert closely misses you.
You hit Rupert. You headbutt Rupert, but do no damage.
Rupert is heavily wounded.
Rupert hits you with a +5 great mace of protection!!
* * * LOW HITPOINT WARNING * * *
Rupert hits you with a +5 great mace of protection!
* * * LOW HITPOINT WARNING * * *
You are too berserk!
You hit Rupert but do no damage.
Rupert is heavily wounded.
Rupert hits you with a +5 great mace of protection!!
You die...

................####..#
......####..#.........#
.........>............#
.....##########.......#
####'#........#...##..#
#.............#.......#
#.............#.......#
#...##..#######.......#
#...##..#######.@.....#
#...##..##....#@####..#
#...##..##....#. #..#
#...+...##....#. #..#
#...#...##....#. ..#
#...##..####..#. .#
+...##..####..##
#..........#...#
######.....#...#


You could see Rupert (berserk).

Vanquished Creatures
  A boulder beetle (D:12)
  2 two-headed ogres
  2 hydras (D:11)
  Sonja (D:11)
  Pikel (D:5)
  2 ugly things (D:8)
  Joseph (D:10)
  A gargoyle (D:11)
  A kobold demonologist (D:9)
  A hornet (shapeshifter) (D:8)
  A troll (D:10)
  Prince Ribbit (D:8)
  Sigmund (D:2)
  2 shadows
  2 wraiths
  8 yaks
  3 wyverns
  4 vampire mosquitoes
  A warg (D:12)
  A water moccasin (D:7)
  2 acid dragons
  9 orc warriors
  3 black bears
  3 sky beasts
  An ice beast (D:7)
  2 ogres
  8 centaurs
  A phantom (D:7)
  2 bullfrogs
  2 kobold brigands (D:8)
  8 scorpions
  2 necrophages
  4 water moccasin zombies (Ossuary)
  2 gnoll sergeants
  8 wights
  3 howler monkeys (D:10)
  2 hounds
  2 jellies (D:5)
  A gnoll bouda (D:6)
  5 orc priests
  4 iguanas
  8 orc wizards
  3 mummies
  Robin (D:2)
  15 gnolls
  9 adders
  3 white imps
  An ufetubus (D:6)
  An adder zombie (Ossuary)
  A worm (D:2)
  2 dart slugs
  36 orcs
  8 bats
  2 endoplasms
  5 giant cockroaches
  3 gnoll zombies (Ossuary)
  16 goblins
  9 hobgoblins
  A quokka (D:3)
  4 ball pythons
  2 frilled lizards
  6 hobgoblin zombies (Ossuary)
  8 kobolds
  4 kobold zombies (Ossuary)
  7 orc zombies (Ossuary)
  7 rats
273 creatures vanquished.

Vanquished Creatures (collateral kills)
  Urug (D:11)
1 creature vanquished.

Vanquished Creatures (others)
  9 fungi
  16 plants
25 creatures vanquished.

Grand Total: 299 creatures vanquished

Notes
Turn   | Place    | Note
-------+----------+-------------------------------------------
     0 | D:1      | funnyparkerb the Minotaur Fighter began the quest for the
                  | Orb.
     0 | D:1      | Reached XP level 1. HP: 19/19 MP: 0/0
   250 | D:1      | Reached XP level 2. HP: 26/26 MP: 1/1
   733 | D:2      | Noticed Sigmund
   736 | D:2      | Killed Sigmund
   737 | D:2      | Reached XP level 3. HP: 8/31 MP: 2/2
   737 | D:2      | Reached XP level 4. HP: 11/39 MP: 3/3
   737 | D:2      | Reached XP level 5. HP: 12/45 MP: 4/4
   743 | D:2      | Identified the ring "Luuraw" {rPois Will- EV+4 Str+4 Dex+3}
  1491 | D:3      | Found a hazy altar of Hepliaklqana.
  1522 | D:3      | Found a snail-covered altar of Cheibriados.
  1893 | D:2      | Noticed Robin
  1902 | D:2      | Killed Robin
  2145 | D:2      | Reached XP level 6. HP: 45/51 MP: 5/5
  2467 | D:4      | Found a transporter.
  2468 | D:4      | Found a transporter.
  2533 | D:4      | Noticed Arctor's ghost (amateur MiFi)
  2704 | D:4      | Reached skill level 1 in Dodging
  2721 | D:4      | Reached skill level 4 in Fighting
  3189 | D:5      | Entered Level 5 of the Dungeon
  3209 | D:5      | Reached XP level 7. HP: 60/60 MP: 6/6
  3302 | D:5      | Reached skill level 5 in Armour
  3330 | D:5      | Reached skill level 5 in Fighting
  3448 | D:5      | Found a glowing silver altar of Zin.
  3627 | D:5      | Noticed Pikel
  3654 | D:5      | Killed Pikel
  3655 | D:5      | Reached skill level 7 in Fighting
  3655 | D:5      | Reached skill level 5 in Dodging
  3655 | D:5      | Reached XP level 8. HP: 36/73 MP: 7/7
  3857 | D:5      | Found Xanocow's Magic Scroll Shop.
  4231 | D:6      | Found a sand-covered staircase.
  4256 | Ossuary  | Entered an ossuary
  4306 | Ossuary  | Reached skill level 8 in Fighting
  4408 | Ossuary  | Reached skill level 9 in Fighting
  4930 | D:6      | Reached skill level 10 in Fighting
  4930 | D:6      | Reached XP level 9. HP: 67/85 MP: 8/8
  5348 | D:7      | Reached skill level 11 in Fighting
  5811 | D:7      | Found a sparkling altar of Nemelex Xobeh.
  5858 | D:7      | Found a basalt altar of Yredelemnul.
  5922 | D:7      | Found a staircase to the Ecumenical Temple.
  6021 | Temple   | Entered the Ecumenical Temple
  6272 | D:3      | Became a worshipper of Cheibriados the Contemplative
  6519 | D:7      | Reached skill level 12 in Fighting
  6829 | D:8      | Noticed Prince Ribbit
  6849 | D:8      | Killed Prince Ribbit
  6959 | D:8      | Reached * piety under Cheibriados
  7057 | D:8      | Noticed a purple ugly thing
  7067 | D:8      | Killed a purple ugly thing
  7068 | D:8      | Reached XP level 10. HP: 74/100 MP: 9/9
  7428 | D:8      | Noticed a two-headed ogre
  7437 | D:8      | Killed a two-headed ogre
  7910 | D:8      | Found a blossoming altar of Fedhas.
  7910 | D:8      | Found a stormy altar of Qazlal.
  8027 | D:9      | Found a shimmering blue altar of Sif Muna.
  8044 | D:9      | Reached skill level 13 in Fighting
  8269 | D:9      | Noticed a white ugly thing
  8292 | D:8      | Killed a white ugly thing
  8516 | D:8      | Reached ** piety under Cheibriados
  8681 | D:9      | Reached skill level 10 in Maces & Flails
  9103 | D:9      | Reached skill level 1 in Invocations
  9151 | D:9      | Reached *** piety under Cheibriados
  9152 | D:9      | Reached XP level 11. HP: 51/107 MP: 10/10
  9515 | D:9      | Found an iron altar of Okawaru.
  9515 | D:9      | Found a bloodstained altar of Trog.
  9738 | D:10     | Entered Level 10 of the Dungeon
  9749 | D:10     | Found an opulent altar of Gozag.
 10060 | D:10     | Found a radiant altar of Vehumet.
 10069 | D:10     | Found a white marble altar of Elyvilon.
 10131 | D:10     | Noticed Joseph
 10141 | D:10     | Killed Joseph
 10595 | D:11     | Noticed an orc knight
 10595 | D:11     | Noticed a centaur warrior
 10750 | D:11     | Noticed videwesjr's ghost (journeyman MiBe)
 10824 | D:11     | Noticed a two-headed ogre
 10842 | D:11     | Noticed an eight-headed hydra
 10848 | D:11     | Killed an eight-headed hydra
 10872 | D:11     | Noticed Urug
 10880 | D:11     | Killed Urug
 11010 | D:11     | Killed a two-headed ogre
 11010 | D:11     | Reached **** piety under Cheibriados
 11066 | D:11     | Noticed Sonja
 11069 | D:11     | Found a transporter.
 11069 | D:11     | Noticed a four-headed hydra
 11365 | D:11     | Killed Sonja
 11589 | D:11     | Killed a four-headed hydra
 11590 | D:11     | Reached skill level 10 in Armour
 11765 | D:11     | You are sucked into a shaft and drop 2 floors!
 11807 | D:12     | Found Itapado's Jewellery Shop.
 11888 | D:12     | Found a staircase to the Orcish Mines.
 11927 | D:12     | Noticed a boulder beetle
 11938 | D:12     | Killed a boulder beetle
 12286 | D:12     | Noticed Rupert
 12297 | D:12     | Slain by Rupert

Illustrated notes

Levels and vault maps discovered:
D:1:      saegor_arrival_simple_b, layout_basic, serial_glass, glass_columns_c,
          glass_columns_a
D:2:      layout_rooms, uniq_sigmund, uniq_robin
D:3:      layout_loops_ring, nicolae_hepliaklqana_hazy_memory,
          mainiacjoe_overflow_catwalk
D:4:      layout_loops_ring, gammafunk_ghost_gnarly_gnolls
D:5:      layout_basic, zin_academy, serial_shops, nicolae_shop_hallway_plus,
          uniq_pikel
D:6:      layout_loops_ring, gup_ossuary_entry_pyramid
D:7:      layout_loops_ring, lemuel_coloured_pillars_altar,
          mainiacjoe_overflow_small_starburst, temple_hall, grunt_ministairs_8,
          chequers_serial_rivers_room_a
D:8:      nicolae_cairo_tiling_very_big, layout_gridville,
          grunt_temple_overflow_forces_of_nature, uniq_prince_ribbit1
D:9:      old_forge, layout_cave_pools, grunt_temple_overflow_bloody_war,
          led_sif_pool, minmay_chambers_of_fives
D:10:     layout_irregular_city, minitemple, uniq_joseph
D:11:     layout_cave_pools, lair_entry_dummy, gammafunk_ghost_arena,
          serial_co_window_serial, co_window_corner_a, co_window_cross_1,
          co_window_paths_a, co_window_cross_1, co_window_of_opportunity_a,
          co_window_corner_cb, co_window_unsneaky_path_a, co_window_broadway_c,
          co_window_corner_b, co_window_broadway_c, co_window_cross_2,
          co_window_of_opportunity_b, glass_columns_b, glass_columns_b,
          glass_columns_a, glass_columns_b, uniq_sonja, uniq_urug
D:12:     layout_stronghold, erik_orc_3, serial_shops,
          nicolae_shop_hallway_plus, nicolae_trove_entry_path_of_doom,
          nicolae_gozag_seed_capital, uniq_rupert
D:13:     layout_stronghold, hangedman_vaults_entry_quadrant_bands, uniq_azrael
Temple:   nicolae_temple_figure_zero

Skill      XL: |  1  2  3  4  5  6  7  8  9 10 11 |
---------------+----------------------------------+-----
Maces & Flails | 3 6 7 8 10 12 | 12.6
Dodging        | 2 5 6 7 9 |  9.1
Fighting       | 4 7 10 12 13 | 13.8
Armour         | 4 6 7 8 10 | 10.3
Invocations    | 1 4 |  4.0
Shields        | |  3.6

Action                   |  1- 3 |  4- 6 |  7- 9 | 10-12 || total
-------------------------+-------+-------+-------+-------++-------
Melee: Flail             |    23 |   138 |   300 |    90 ||   551
       Headbutt          |     4 |    21 |    59 |    60 ||   144
       Morningstar       |       |       |       |   201 ||   201
Throw: Boomerang         |       |     1 |       |       ||     1
       Dart              |       |       |       |     1 ||     1
Invok: Bend Time         |       |       |       |     1 ||     1
Evoke: Wand              |       |       |     8 |    25 ||    33
  Use: Potion            |     1 |       |     2 |     1 ||     4
       Scroll            |       |       |     7 |     3 ||    10
Armor: Scale mail        |    10 |    29 |       |       ||    39
       Plate armour      |       |    10 |   105 |   118 ||   233
Dodge: Dodged            |     7 |    78 |   132 |   229 ||   446
Block: Buckler           |     3 |    31 |    59 |    94 ||   187
